 Dungeon Crawl Stone Soup version 0.29-a0-870-g2c972031a6 (webtiles) character file.

Game seed: 12217504078935417428

21748 kevlar127 the Grappler (level 12, -4/130 HPs)
             Began as a Troll Berserker on July 17, 2022.
             Was a High Priest of Trog.
             Slain by a vampire mosquito (8 damage)
             ... on level 11 of the Dungeon.
             The game lasted 00:56:39 (14169 turns).

kevlar127 the Grappler (Troll Berserker)           Turns: 14169, Time: 00:56:40

Health: -4/130     AC: -10   Str: 32    XL:     12   Next: 56%
Magic:  11/11      EV: 10    Int:  3    God:    Trog [*****.]
Gold:   533        SH:  0    Dex: 15    Spells: 11/11 levels left

rFire   . . .      SeeInvis .     - Unarmed
rCold   . . .      Faith    .   (no shield)
rNeg    + + .      Spirit   .   a - +0 animal skin
rPois   +          Reflect  .   S - +2 hat {Stlth+}
rElec   .          Harm     .   z - +2 cloak {Stlth+}
rCorr   .          Rampage  .   (gloves unavailable)
Will    +++..      Clarity  +   (boots unavailable)
Stlth   +++.......              i - amulet of the Four Winds {rN+ Will+++ Clar}
HPRegen 1.11/turn               u - +6 ring of dexterity
MPRegen 0.12/turn               W - ring of Departure {rPois rN+}

@: corroded, on berserk cooldown, slowed, very slow
A: large, unfitting armour, claws 3, regeneration 1, shaggy fur 1, tough skin 1
a: Renounce Religion, Berserk, Trog's Hand, Brothers in Arms


You were on level 11 of the Dungeon.
You worshipped Trog.
Trog was extremely pleased with you.
You visited 1 branch of the dungeon, and saw 11 of its levels.
You also visited: Ossuary and Bailey.

You collected 768 gold pieces.
You spent 235 gold pieces at shops.

Inventory:

Hand Weapons
 Y - the +9 staff of Olgreb {rPois∞}
   (You found it on level 8 of the Dungeon)

   If the wielder is skilled in Evocations, they can envenom those struck by it,
   dealing poison damage which bypasses armour.
   It enhances your poison magic.
   It grants immunity to poison.
   It can be activated via the 'a'bility menu to radiate toxic energy, with
   effectiveness depending on Evocations skill.
   Trog disapproves of the use of such an item.
Missiles
 g - 123 stones
 j - 23 poisoned darts
 I - 2 curare-tipped darts
 J - a throwing net
 K - 6 boomerangs (quivered)
 N - 7 large rocks
Armour
 a - a +0 animal skin (worn)
 n - a +0 tower shield
 z - a +2 cloak of stealth (worn)
 S - a +2 hat of stealth (worn)
Jewellery
 i - the amulet of the Four Winds (around neck) {rN+ Will+++ Clar}
   (You took it off an efreet on level 10 of the Dungeon)

   [amulet of nothing]

   rN:        It protects you from negative energy.
   Clar:      It protects you against confusion.
   Will:      It greatly increases your willpower.
 l - an amulet of reflection
 u - a +6 ring of dexterity (left claw)
 F - a ring of ice
 U - a +4 ring of evasion
 W - the ring of Departure (right claw) {rPois rN+}
   (You took it off an orc wizard on level 10 of the Dungeon)

   [ring of positive energy]

   rPois:     It protects you from poison.
   rN:        It protects you from negative energy.
Wands
 E - a wand of roots (8)
 G - a wand of light (21)
 P - a wand of mindburst (7)
 T - a wand of polymorph (7)
Scrolls
 b - 2 scrolls of silence
 c - a scroll of magic mapping
 f - 3 scrolls of poison {unknown}
 p - 5 scrolls of fog
 q - 5 scrolls of enchant armour
 r - 4 scrolls of immolation
 t - 2 scrolls of enchant weapon {unknown}
 v - a scroll of summoning {unknown}
 w - 2 scrolls of fear
 y - 2 scrolls of vulnerability
 H - 2 scrolls of brand weapon {unknown}
 L - 2 scrolls of blinking
 M - a scroll of identify
 O - 4 scrolls of teleportation
 R - a scroll of torment {unknown}
Potions
 d - 8 potions of attraction
 e - 6 potions of might
 h - 3 potions of flight {unknown}
 k - a potion of cancellation {unknown}
 m - 3 potions of ambrosia {unknown}
 o - 5 potions of heal wounds
 s - 4 potions of brilliance {unknown}
 x - 5 potions of haste
 A - 2 potions of resistance {unknown}
 B - a potion of magic {unknown}
 C - 2 potions of berserk rage {unknown}
 D - 6 potions of curing
 V - a potion of invisibility
Miscellaneous
 X - a box of beasts


   Skills:
 + Level 11.3 Fighting
 - Level 8.0 Throwing
 - Level 4.0 Armour
 - Level 3.0 Dodging
 + Level 1.7 Shields
 + Level 13.2 Unarmed Combat
 - Level 2.0 Evocations


You had 11 spell levels left.
You didn't know any spells.
Your spell library was empty.

Dungeon Overview and Level Annotations

Branches:
Dungeon (11/15)            Temple (0/1) D:7         Ossuary (visited)
 Bailey (visited)
   Lair: D:8-11         Orc: D:9-12

Altars:
Cheibriados
Dithmenos
Elyvilon
Gozag
Kikubaaqudgha
Makhleb
Nemelex Xobeh
Okawaru
Ru
Trog
Uskayaw
Vehumet
Wu Jian
Zin

Shops:
D:6 *   D:7 !   D:8 (


Innate Abilities, Weirdness & Mutations

You are too large for most types of armour.
You have claws for hands.
Your natural rate of healing is unusually fast.
You are covered in fur. (AC +1)
You have tough skin. (AC +1)


Message History

The vampire mosquito barely misses you. The orange demon stings you from afar.
The rust devil hits you! The rust devil corrodes you!
The kobold demonologist mumbles some strange words.
The vampire mosquito barely misses you.
Unknown command.
You mangle the rust devil!!
The rust devil is severely wounded.
The orange demon stings you from afar! The vampire mosquito bites you.
The rust devil closely misses you.
You scratch the rust devil but do no damage.
The rust devil is severely wounded.
You completely miss the rust devil.
The rust devil is severely wounded.
The vampire mosquito bites you!
* * * LOW HITPOINT WARNING * * *
The orange demon stings you from afar!
* * * LOW HITPOINT WARNING * * *
The rust devil hits you.
* * * LOW HITPOINT WARNING * * *
The rust devil corrodes you!
You closely miss the rust devil.
The rust devil is severely wounded.
The vampire mosquito bites you.
* * * LOW HITPOINT WARNING * * *
The orange demon stings you from afar!
* * * LOW HITPOINT WARNING * * *
The vampire mosquito bites you.
* * * LOW HITPOINT WARNING * * *
Unknown command.
You feel a strong urge to attack something.
The vampire mosquito attacks as you move away!
The vampire mosquito bites you!
* * * LOW HITPOINT WARNING * * *
You feel your anger nearly subside.
You are no longer berserk.
You are exhausted.
You feel yourself slow down.
The vampire mosquito barely misses you. x2
The vampire mosquito attacks as you move away!
The vampire mosquito bites you!
You die...

##. #.... #. #)#####...P. #.
##.†)...# #.. ##..###..##
#.##K#.....#.##
##..#4##4##.#.###
#..#4##...##.#..#..#.
..#...#.#.#y#........# #
#.#.#....@#.#.#.#..#.
..#.#.#.....#.#.# .K#..
..#†#.#.#.....#.#.#.P..#
........#.#.#.#...#...
#..#..#.##...##÷#..#
###.#:#####.#).## .#?.
##.##.#†....#.##.## .....
#...##..###..##...# #....
###
#....#......##....######....


You could see a rust devil (summoned) and a vampire mosquito.

Vanquished Creatures
  Gastronok (D:10)
  2 vault guards (Bailey)
  A boulder beetle (D:10)
  An ogre mage (D:11)
  A hydra (D:10)
  2 two-headed ogres
  2 centaur warriors (D:10)
  Pikel (D:6)
  An ugly thing (D:11)
  A deep elf pyromancer (D:10)
  A manticore (D:11)
  A cyclops (D:10)
  Maurice (D:8)
  A kobold demonologist (D:10)
  2 efreet
  A tengu conjurer (D:11)
  A queen bee (D:11)
  A hornet (D:11)
  2 trolls
  A blink frog (Bailey)
  Prince Ribbit (D:5)
  A culicivora (shapeshifter) (D:11)
  2 shadows
  A wraith (D:11)
  3 humans (Bailey)
  13 yaks
  A steam dragon (D:10)
  A vampire mosquito (D:11)
  Menkaure (D:6)
  2 redbacks (D:8)
  An acid dragon (D:10)
  5 water moccasins
  2 ice beasts
  2 orc warriors
  4 sky beasts
  3 black bears
  An ogre (D:6)
  6 centaurs
  A phantom (D:6)
  4 kobold brigands
  A gnoll sergeant (D:6)
  7 bullfrogs
  A necrophage (D:7)
  9 scorpions
  9 wights
  44 killer bees
  A centaur zombie (Ossuary)
  3 human zombies (Ossuary)
  2 jellies
  3 orc priests (D:7)
  Crazy Yiuf (D:7)
  7 hounds
  Jessica (D:2)
  4 iguanas
  10 orc wizards
  4 mummies (Ossuary)
  12 gnolls
  12 adders
  3 white imps
  An ufetubus (D:5)
  2 worms
  3 dart slugs
  40 orcs
  9 endoplasms
  3 giant cockroaches
  11 goblins
  10 hobgoblins
  5 quokkas
  6 ball pythons
  6 bats
  2 frilled lizards (D:1)
  A goblin zombie (Ossuary)
  A hobgoblin zombie (Ossuary)
  20 kobolds
  A kobold zombie (Ossuary)
  An orc zombie (Ossuary)
  6 rats
342 creatures vanquished.

Vanquished Creatures (others)
  A golden eye (shapeshifter) (D:10)
  2 plants (D:11)
3 creatures vanquished.

Grand Total: 345 creatures vanquished

Notes
Turn   | Place    | Note
-------+----------+-------------------------------------------
     0 | D:1      | kevlar127 the Troll Berserker began the quest for the Orb.
     0 | D:1      | Reached XP level 1. HP: 22/22 MP: 0/0
   193 | D:1      | Reached XP level 2. HP: 29/29 MP: 1/1
   314 | D:1      | Found a faded altar of an unknown god.
   868 | D:2      | Reached XP level 3. HP: 36/36 MP: 2/2
   962 | D:2      | Reached ** piety under Trog
  1197 | D:2      | Reached XP level 4. HP: 45/45 MP: 3/3
  1292 | D:2      | Noticed Jessica
  1295 | D:2      | Killed Jessica
  1296 | D:2      | Reached skill level 4 in Unarmed Combat
  1643 | D:3      | Identified the +7 dagger "Itykiefe" {protect, Will+}
  1731 | D:3      | Reached XP level 5. HP: 52/53 MP: 4/4
  2195 | D:3      | Found a bloodstained altar of Trog.
  2398 | D:4      | Found a sand-covered staircase.
  2440 | D:4      | Reached skill level 1 in Throwing
  2452 | Ossuary  | Entered an ossuary
  2504 | Ossuary  | Reached XP level 6. HP: 54/62 MP: 5/5
  2792 | Ossuary  | Reached skill level 5 in Unarmed Combat
  2903 | Ossuary  | Reached *** piety under Trog
  3146 | D:4      | Reached XP level 7. HP: 61/71 MP: 6/6
  3174 | D:4      | Found an opulent altar of Gozag.
  3393 | D:4      | Found a large runed translucent door.
  3397 | D:4      | Found a large runed translucent door.
  3655 | D:4      | Found a white marble altar of Elyvilon.
  3658 | D:4      | Found an iron altar of Okawaru.
  3689 | D:5      | Entered Level 5 of the Dungeon
  3689 | D:5      | Noticed Prince Ribbit
  3702 | D:5      | Killed Prince Ribbit
  3703 | D:5      | Reached skill level 5 in Fighting
  3703 | D:5      | Reached skill level 6 in Unarmed Combat
  4188 | D:5      | Reached XP level 8. HP: 80/80 MP: 7/7
  4901 | D:6      | Reached **** piety under Trog
  4953 | D:6      | Reached skill level 7 in Unarmed Combat
  4982 | D:6      | Noticed Pikel
  5013 | D:6      | Killed Pikel
  5014 | D:6      | Reached skill level 5 in Throwing
  5157 | D:6      | Noticed Menkaure
  5157 | D:6      | Noticed a troll
  5164 | D:6      | Killed Menkaure
  5165 | D:6      | Reached XP level 9. HP: 77/92 MP: 8/8
  5170 | D:6      | Killed a troll
  5171 | D:6      | Reached skill level 8 in Unarmed Combat
  5420 | D:6      | Found a glowing silver altar of Zin.
  5422 | D:6      | Found Zin's Purification Station.
  6530 | D:7      | Found Ohoiff's Distillery.
  6534 | D:7      | Found a flagged portal.
  6576 | D:7      | Reached skill level 1 in Armour
  6579 | D:7      | Reached skill level 9 in Unarmed Combat
  6593 | Bailey   | Entered a bailey
  6674 | Bailey   | Reached XP level 10. HP: 99/104 MP: 9/9
  6699 | Bailey   | Noticed a vault guard
  6715 | Bailey   | Killed a vault guard
  7424 | Bailey   | Noticed a vault guard
  7437 | Bailey   | Killed a vault guard
  7438 | Bailey   | Reached skill level 10 in Unarmed Combat
  7511 | D:7      | Bought a potion of lignification for 39 gold pieces
  7511 | D:7      | Bought a potion of haste for 130 gold pieces
  7511 | D:7      | Bought a potion of curing for 39 gold pieces
  7758 | D:7      | Found a runed translucent door.
  7759 | D:7      | Noticed Crazy Yiuf
  7878 | D:7      | Found a staircase to the Ecumenical Temple.
  7969 | D:7      | Killed Crazy Yiuf
  8232 | D:8      | Found Xaczaerr's Weapon Shoppe.
  8240 | D:8      | Bought 3 large rocks for 27 gold pieces
  8363 | D:8      | Found the +9 staff of Olgreb {rPois∞}
  8378 | D:8      | Found a runed translucent gate.
  8378 | D:8      | Found a runed translucent gate.
  8379 | D:8      | Found a runed translucent door.
  8396 | D:8      | Found a runed translucent gate.
  8411 | D:8      | Found a runed translucent door.
  8472 | D:8      | Noticed Maurice
  8478 | D:8      | Killed Maurice
  8641 | D:8      | Found an ornate altar of the Wu Jian Council.
  9030 | D:9      | Reached skill level 11 in Unarmed Combat
  9735 | D:9      | Reached XP level 11. HP: 113/114 MP: 10/10
  9948 | D:9      | Found an ancient bone altar of Kikubaaqudgha.
 10073 | D:9      | Found a hide-covered altar of Uskayaw.
 10427 | D:10     | Entered Level 10 of the Dungeon
 10469 | D:10     | Reached ***** piety under Trog
 10689 | D:10     | Noticed Gastronok
 10713 | D:10     | Killed Gastronok
 10980 | D:10     | Found a sparkling altar of Nemelex Xobeh.
 10985 | D:10     | Found a shadowy altar of Dithmenos.
 10992 | D:10     | Found a burning altar of Makhleb.
 10995 | D:10     | Found a snail-covered altar of Cheibriados.
 10997 | D:10     | Found a sacrificial altar of Ru.
 11002 | D:10     | Found a radiant altar of Vehumet.
 11046 | D:10     | Noticed a five-headed hydra
 11057 | D:10     | Noticed a deep elf pyromancer
 11057 | D:10     | Identified the +0 robe "Uwumeur" {Harm}
 11680 | D:10     | Killed a six-headed hydra
 11681 | D:10     | Reached skill level 10 in Fighting
 11716 | D:10     | Noticed a boulder beetle
 11727 | D:10     | Killed a boulder beetle
 11739 | D:10     | Noticed a centaur warrior
 11747 | D:10     | Killed a centaur warrior
 11748 | D:10     | Reached skill level 12 in Unarmed Combat
 11814 | D:10     | Identified the +5 great sword of Harmony {speed, Int+6}
 11892 | D:10     | Noticed a two-headed ogre
 11896 | D:10     | Identified the ring of Departure {rPois rN+}
 11901 | D:10     | Killed a two-headed ogre
 11922 | D:10     | Noticed a centaur warrior
 11951 | D:10     | Killed a centaur warrior
 11959 | D:10     | HP: 6/178 [something (5)]
 11962 | D:10     | Killed a deep elf pyromancer
 11963 | D:10     | Reached XP level 12. HP: 10/128 MP: 11/11
 12937 | D:11     | Noticed a two-headed ogre
 12942 | D:11     | Killed a two-headed ogre
 13490 | D:11     | Reached skill level 1 in Evocations
 13553 | D:11     | Received a gift from Trog
 13593 | D:11     | Reached skill level 13 in Unarmed Combat
 14029 | D:11     | Reached skill level 1 in Shields
 14061 | D:11     | Noticed an ogre mage
 14067 | D:11     | Killed an ogre mage
 14166 | D:11     | HP: 2/195 [vampire mosquito (13)]
 14169 | D:11     | Slain by a vampire mosquito

Illustrated notes

Levels and vault maps discovered:
D:1:      dpeg_arrival_round_c, layout_loops_ring, ebering_ecumenical_altar_box
D:2:      layout_loops_ring, uniq_jessica
D:3:      wad_river_or_something, layout_basic, mainiacjoe_overflow_catwalk
D:4:      layout_loops_ring, grunt_gozag_statues, jmf_multi_god_temple2,
          enter_ossuary_1, minmay_misc_feat_roman
D:5:      minmay_spotlight, layout_cave_pools, minmay_misc_feat_room,
          nicolae_zen_rock_garden, corexii_checkpoint_b, grunt_decor_clamped,
          kennysheep_generic_room_8, uniq_prince_ribbit1
D:6:      layout_basic, zin_purify, uniq_pikel, uniq_menkaure
D:7:      layout_rooms, minmay_temple_entry_statues_pillars, serial_shops,
          nicolae_shop_waterfront, enter_bailey_5, uniq_crazy_yiuf_cottage
D:8:      layout_loops_ring, nicolae_wu_jian_wuxing_cycle, serial_shops,
          nicolae_shop_crystal, minmay_guarded_unrand_staff_of_olgreb,
          uniq_maurice
D:9:      layout_cave_pools, old_standard_altar, lemuel_coloured_pillars_altar
D:10:     minmay_the_grid_triangle_9x9_recursive_2_mashed
          [minmay_the_grid_triangle_9x9_prize_center,
          minmay_the_grid_triangle_9x9_stretched_checkered,
          minmay_the_grid_triangle_9x9_checkered,
          minmay_the_grid_triangle_9x9_windchime], layout_basic,
          nicolae_overflow_hallway_of_the_gods, uniq_gastronok
D:11:     regret_index_tunnel_blossom, layout_layer_cave,
          portal_ice_cave_entry_ice_simulacra

Skill      XL: |  1  2  3  4  5  6  7  8  9 10 11 12 |
---------------+-------------------------------------+-----
Dodging        | 3 |  3.0
Fighting       | 3 4 5 6 8 9 10 11 | 11.3
Unarmed Combat | 4 5 6 7 9 11 12 13 | 13.2
Throwing       | 1 2 3 5 7 8 |  8.0
Armour         | 2 4 |  4.0
Evocations     | 2 |  2.0
Shields        | 1 |  1.7

Action                   |  1- 3 |  4- 6 |  7- 9 | 10-12 || total
-------------------------+-------+-------+-------+-------++-------
Melee: Unarmed           |    97 |   163 |   236 |   441 ||   937
       Punch             |     1 |     9 |    12 |    19 ||    41
Throw: Stone             |       |       |     5 |       ||     5
       Boomerang         |       |       |     5 |   135 ||   140
       Large rock        |       |       |       |     3 ||     3
Invok: Trog's Hand       |       |     1 |       |     5 ||     6
       Berserk           |       |       |     4 |     7 ||    11
  Use: Scroll            |       |       |       |    13 ||    13
       Potion            |       |       |       |     4 ||     4
 Stab: Sleeping          |     3 |     1 |     1 |       ||     5
       Distracted        |       |     1 |       |       ||     1
Armor: Animal skin       |    34 |    25 |    58 |    90 ||   207
Dodge: Dodged            |    47 |    64 |    84 |   190 ||   385
Block: Other             |       |    25 |    49 |    64 ||   138
       Reflection        |       |       |       |     6 ||     6

Table legend: (Time is in decaauts)
 A = Elapsed time spent in this place.
 B = Non-inter-level travel time spent in this place.
 C = Inter-level travel time spent in this place.
 D = Time resting spent in this place.
 E = Time spent auto-exploring this place.
 F = Levels seen in this place.
 G = Mean time per level.
                   A        B        C        D        E       F      G
               +--------+--------+--------+--------+--------+-----+--------+
         Total |  14119 |  13110 |   1009 |   4789 |   6219 |  13 | 1086.1 |
       Dungeon |  12732 |  11723 |   1009 |   3865 |   5966 |  11 | 1157.5 |
       Ossuary |    471 |    471 |      0 |    238 |    131 |   1 |  471.0 |
        Bailey |    915 |    915 |      0 |    686 |    121 |   1 |  915.0 |
               +--------+--------+--------+--------+--------+-----+--------+

Top non-repeatable levels by time:
     D:8: 1976 daAuts
    D:10: 1855 daAuts
     D:6: 1568 daAuts
     D:9: 1470 daAuts
     D:4: 1222 daAuts
  Bailey: 915 daAuts
     D:5: 844 daAuts
     D:3: 824 daAuts
     D:1: 821 daAuts
     D:7: 800 daAuts
    D:11: 674 daAuts
     D:2: 673 daAuts
 Ossuary: 471 daAuts
